 Dungeon Crawl Stone Soup version 0.21.1-1-g345015fe64 (webtiles) character file.

154 Fascinator the Skirmisher (level 5, -6/46 HPs)
             Began as a Mummy Chaos Knight on June 24, 2018.
             Killed from afar by an orc wizard (10 damage)
             ... with a puff of flame
             ... on level 3 of the Dungeon.
             The game lasted 00:05:49 (6017 turns).

Fascinator the Skirmisher (Mummy Chaos Knight)      Turns: 6017, Time: 00:05:50

Health: -6/46      AC:  5    Str: 16    XL:     5   Next: 13%
Magic:  5/5        EV: 11    Int: 12    God:    Xom [..*...]
Gold:   305        SH:  0    Dex: 11    Spells: 4/4 levels left

rFire    x . .     SeeInvis .   a - +0 hand axe (chaos)
rCold    + . .     Gourm    .   (no shield)
rNeg     + + +     Faith    .   b - +2 leather armour
rPois    ∞         Spirit   .   (no helmet)
rElec    .         Reflect  .   (no cloak)
rCorr    .         Harm     .   (no gloves)
MR       .....                  (no boots)
Stlth    +.........             (no amulet)
HPRegen  0.15/turn              (no ring)
MPRegen  0.09/turn              (no ring)

@: no status effects
A: no food or potions, fire vulnerability, cold resistance 1, negative energy
resistance 3, torment resistance, unbreathing
a: Renounce Religion


You were on level 3 of the Dungeon.
You worshipped Xom.
You were a toy of Xom.
You were not hungry.

You visited 1 branch of the dungeon, and saw 4 of its levels.

You collected 305 gold pieces.

Inventory:

Hand Weapons
 a - a +0 hand axe of chaos (weapon)
Armour
 b - a +2 leather armour (worn)
Scrolls
 c - 3 scrolls of identify {unknown}
 d - 3 scrolls of enchant weapon {unknown}
 e - 3 scrolls of teleportation {unknown}
 f - 2 scrolls of fog {unknown}
 g - 2 scrolls of remove curse {unknown}
 h - a scroll of blinking {unknown}
 i - a scroll of random uselessness {unknown}


   Skills:
 + Level 5.9 Fighting
 - Level 2.4 Axes
 - Level 1.5 Armour
 - Level 0.7 Dodging


You had 4 spell levels left.
You didn't know any spells.

Dungeon Overview and Level Annotations

Branches:
Dungeon (4/15)
 Temple: D:4-7

Altars:
Ru


Innate Abilities, Weirdness & Mutations

You do not eat or drink.
Your flesh is vulnerable to fire.
You are immune to poison.
Your flesh is cold resistant. (rC+)
You are immune to negative energy. (rN+++)
You are immune to unholy pain and torment.
You can survive without breathing.


Message History

You swap places.
An orc and an orc wizard come into view.
The orc wizard shouts!
The orc wizard mumbles some strange words.
The orc wizard seems to speed up.
Something hits you but does no damage.
You hear some strange, mumbled words.
A puff of frost appears from out of thin air!
The puff of frost misses you. Something hits you but does no damage.
There is a stone staircase leading up here.
The orc wizard misses your butterfly.
You climb upwards.
There is a stone staircase leading down here.
You start resting.
Something completely misses you.
You start resting.
You hear some strange, mumbled words.
A puff of flame appears from out of thin air!
The puff of flame hits you! The fire burns you terribly!
Xom roars with laughter!
You die...

#.........###....####.
#..........!.......###
#.........##..##<.....
#.........##.##.......
#.........##.#........
#.........##..........
#.........##..........
#.........##..........
#....@....##..........
#.........##..........
##.......#.<..........
##.....#..###........
######..## ##.%...##
####.## ##.##...
##.....#####.....#.
##.......##..(..###.
#.......(...##.#####


There were no monsters in sight!

Vanquished Creatures
  A centaur skeleton (D:3)
  8 adders
  A dart slug (D:2)
  5 leopard geckos
  An orc (D:3)
  7 bats
  3 giant cockroaches
  4 goblins
  4 hobgoblins
  A quokka (D:3)
  2 ball pythons
  7 frilled lizards
  2 kobolds (D:3)
  6 rats
52 creatures vanquished.

Notes
Turn   | Place    | Note
-------+----------+-------------------------------------------
     0 | D:1      | Fascinator the Mummy Chaos Knight began the quest for the Orb.
     0 | D:1      | Reached XP level 1. HP: 18/18 MP: 1/1
    92 | D:1      | Reached XP level 2. HP: 24/24 MP: 2/2
   468 | D:2      | Reached skill level 4 in Fighting
   468 | D:2      | Reached XP level 3. HP: 23/30 MP: 3/3
   737 | D:2      | XOM: cast spell 'Alistair's Intoxication'
   842 | D:2      | XOM: god gift: pink potion {god gift}
  2131 | D:1      | XOM: god gift: 21 arrows
  2243 | D:1      | XOM: divination: detect items
  2665 | D:1      | XOM: god gift: 26 gold pieces
  3069 | D:1      | XOM: god gift: club {god gift}
  3698 | D:1      | XOM: god gift: 47 gold pieces
  4470 | D:1      | XOM: summons 4 hostile shadow creatures
  4484 | D:2      | XOM: summons 1 hostile demon
  4549 | D:1      | XOM is BORED!
  4549 | D:1      | XOM: medium Summ miscast
  4550 | D:1      | Noticed a ynoxinul
  4768 | D:2      | XOM: god gift: 20 gold pieces
  4913 | D:2      | Found a sacrificial altar of Ru.
  4913 | D:2      | XOM: 2-stop teleportation journey
  4916 | D:2      | XOM: summons 1 hostile demon
  4959 | D:2      | Reached skill level 5 in Fighting
  4959 | D:2      | Reached XP level 4. HP: 15/39 MP: 4/4
  5287 | D:2      | XOM: medium Tloc miscast
  5460 | D:2      | XOM: harmless Necr miscast
  5587 | D:3      | XOM: blink monster(s)
  5684 | D:3      | Reached XP level 5. HP: 36/46 MP: 5/5
  5835 | D:3      | XOM: divination: detect creatures
  5963 | D:4      | Noticed a phantom
  5976 | D:4      | XOM: noise
  5986 | D:4      | XOM: divination: magic mapping
  5987 | D:4      | Noticed an ogre
  5991 | D:4      | XOM: confuse monster(s)
  5995 | D:4      | HP: 1/46 [orc wizard/magic dart (4)]
  6003 | D:4      | HP: 1/46 [orc wizard/magic dart (1)]
  6006 | D:4      | XOM: cast spell 'Summon Butterflies'
  6017 | D:3      | Killed from afar by an orc wizard

Skill      XL: |  1  2  3 |
---------------+----------+-----
Fighting       | 4 5 |  5.9
Axes           | |  2.4
Armour         | |  1.5
Dodging        | |  0.7

Action                   |  1- 3 |  4- 6 || total
-------------------------+-------+-------++-------
Melee: Hand axe          |   107 |    59 ||   166
 Stab: Sleeping          |     1 |       ||     1
Armor: Leather armour    |    38 |    15 ||    53
Dodge: Dodged            |    66 |    45 ||   111
